 Dungeon Crawl Stone Soup version 0.27.1-33-g824d729ab1 (webtiles) character file.

Game seed: 17477825830036912058

2 ces the Destroyer (level 1, -1/17 HPs)
             Began as a Gnoll Wanderer on Dec 10, 2021.
             Slain by a quokka (2 damage)
             ... on level 1 of the Dungeon.
             The game lasted 00:00:23 (350 turns).

ces the Destroyer (Gnoll Wanderer)                   Turns: 350, Time: 00:00:24

Health: -1/17      AC:  2    Str: 10    XL:     1   Next: 40%
Magic:  1/1        EV: 11    Int:  9    God:
Gold:   0          SH:  0    Dex: 14    Spells: 0/0 levels left

rFire    . . .     SeeInvis .   a - +0 spear
rCold    . . .     Faith    .   (no shield)
rNeg     . . .     Spirit   .   c - +0 robe
rPois    .         Reflect  .   (no helmet)
rElec    .         Harm     .   (no cloak)
rCorr    .         Rampage  .   (no gloves)
Will     .....                  (no boots)
Stlth    +++.......             (no amulet)
HPRegen  0.05/turn              (no ring)
MPRegen  0.07/turn              (no ring)

@: no status effects
A: fangs 1, strong nose, distributed training
a: no special abilities


You were on level 1 of the Dungeon.
You visited 1 branch of the dungeon, and saw 1 of its levels.

Inventory:

Hand Weapons
 a - a +0 spear (weapon)
 d - a +0 dagger
Missiles
 e - 16 bolts
Armour
 c - a +0 robe (worn)
Potions
 b - a potion of curing
 f - a potion of might {unknown}


   Skills:
 + Level 2.3 Fighting
 + Level 0.0 Short Blades
 + Level 0.0 Long Blades
 + Level 0.0 Axes
 + Level 0.0 Maces & Flails
 + Level 0.0 Polearms
 + Level 0.0 Staves
 + Level 0.0 Slings
 + Level 0.0 Bows
 + Level 0.0 Crossbows
 + Level 0.0 Throwing
 + Level 0.0 Armour
 + Level 0.0 Dodging
 + Level 4.0 Stealth
 + Level 0.0 Shields
 + Level 0.0 Unarmed Combat
 + Level 0.0 Spellcasting
 + Level 8.7 Conjurations
 + Level 0.0 Hexes
 + Level 0.0 Summonings
 + Level 0.0 Necromancy
 + Level 0.0 Translocations
 + Level 0.0 Transmutations
 + Level 0.0 Fire Magic
 + Level 0.0 Ice Magic
 + Level 0.0 Air Magic
 + Level 0.0 Earth Magic
 + Level 0.0 Poison Magic
 + Level 0.1 Invocations
 + Level 4.4 Evocations


You couldn't memorise any spells.
You knew the following spells:

 Your Spells              Type           Power      Damage    Failure   Level
a - Magic Dart            Conj           60%        1d6       1%          1

Your spell library contained the following spells:

 Spells                   Type           Power      Damage    Failure   Level
 Searing Ray              Conj           30%        3d4       1%          2
 Dazzling Flash           Conj/Hex       14%        N/A       21%         3
 Fulminant Prism          Conj/Hex       3%         3d6       56%         4
 Iskenderun's Mystic Bla  Conj/Tloc      7%         2d4       56%         4


Dungeon Overview and Level Annotations

Branches:
Dungeon (1/15)

Altars:


Innate Abilities, Weirdness & Mutations

You have very sharp teeth.
Your uncanny sense of smell can sniff out nearby items.
Your experience applies equally to all skills.


Message History

The quokka misses you.
You barely miss the quokka. The quokka barely misses you.
The hobgoblin hits you.
You closely miss the quokka. The quokka bites you. The hobgoblin misses you.
The quokka closely misses you.
You hit the quokka.
The quokka is lightly wounded.
The hobgoblin hits you. The quokka barely misses you.
The hobgoblin closely misses you.
You are too injured to fight recklessly!
You are too injured to fight recklessly!
The quokka bites you but does no damage.
The quokka bites you.
* * * LOW HITPOINT WARNING * * *
You closely miss the quokka. Your bite misses the quokka.
The quokka is lightly wounded.
The quokka closely misses you.
You closely miss the quokka.
The quokka is lightly wounded.
The quokka closely misses you.
You barely miss the quokka. Your bite misses the quokka.
The quokka is lightly wounded.
The quokka bites you but does no damage.
The quokka barely misses you.
You closely miss the quokka.
The quokka is lightly wounded.
The quokka bites you.
* * * LOW HITPOINT WARNING * * *
You miss the quokka. Your bite misses the quokka.
The quokka is lightly wounded.
The quokka closely misses you.
You closely miss the quokka.
The quokka is lightly wounded.
The quokka bites you.
* * * LOW HITPOINT WARNING * * *
The quokka bites you but does no damage.
You hit the quokka.
The quokka is heavily wounded.
The quokka bites you.
You die...

#.....## #......# #......#
##.# #..# ###..# ##....#
##.....#####.# ###
##......gr@...# ##.########
##...†.#.#########.#........
##........########.###..#####
#.......####........#.#.#
#####...###.#.#.##.÷.##.#
#...##.##.##.....##.#
#...#.###.##....###.. #...#.#
#.......###.#
#...#.###...........#


You could see a quokka and a hobgoblin.

Vanquished Creatures
  A hobgoblin (D:1)
  A ball python (D:1)
  A goblin (D:1)
3 creatures vanquished.

Notes
Turn   | Place    | Note
-------+----------+-------------------------------------------
     0 | D:1      | ces the Gnoll Wanderer began the quest for the Orb.
     0 | D:1      | ces set off with the following items: a +0 spear, a potion
                  | of curing, a +0 robe, a +0 dagger; and the following spell
                  | memorised: Magic Dart; and the following spells available
                  | to memorise: Searing Ray, Dazzling Flash, Fulminant Prism,
                  | Iskenderun's Mystic Blast
     0 | D:1      | Reached XP level 1. HP: 17/17 MP: 1/1
   269 | D:1      | Found a faded altar of an unknown god.
   350 | D:1      | Slain by a quokka

Illustrated notes

Levels and vault maps discovered:
D:1:      amcnicky_arrival_flooded_fountain, layout_loops_cross,
          hellmonk_ecumenical_altar_arch_garden, nrook_mini_backslash

Action                   || total
-------------------------++-------
Melee: Spear             ||    29
       Bite              ||     1
 Stab: Sleeping          ||     1
Armor: Robe              ||     3
Dodge: Dodged            ||    21
